 Dungeon Crawl Stone Soup version 0.28.0-53-g5a82cb258f (webtiles) character file.

Game seed: 9770908711557065156

1864 Gabide the Spear-Bearer (level 9, 0/85 HPs)
             Began as a Tengu Monk on June 17, 2022.
             Slain by a killer bee (2 damage)
             ... on level 6 of the Dungeon.
             The game lasted 00:12:02 (9043 turns).

Gabide the Spear-Bearer (Tengu Monk)                Turns: 9043, Time: 00:12:04

Health: 0/85       AC: 24    Str: 11    XL:     9   Next: 13%
Magic:  10/10      EV:  2    Int: 10    God:
Gold:   285        SH:  0    Dex: 22    Spells: 8/8 levels left

rFire   . . .      SeeInvis .   a - +0 trident
rCold   . . .      Faith    .   (no shield)
rNeg    + . .      Spirit   .   (armour currently unavailable)
rPois   +          Reflect  .   (helmet currently unavailable)
rElec   .          Harm     .   (cloak currently unavailable)
rCorr   .          Rampage  .   (gloves currently unavailable)
Will    .....      NoTele   +   (boots unavailable)
Stlth   ++........              (no amulet)
HPRegen 0.24/turn               g - ring of positive energy
MPRegen 0.12/turn               (no ring)

@: lethally poisoned (0 -> -7), tree-form
A: stationary, stasis, torment immunity, boosted hp, (beak), (talons 3), nimble
flight
a: no special abilities


You were on level 6 of the Dungeon.
You were a tree.
You visited 1 branch of the dungeon, and saw 7 of its levels.

You collected 285 gold pieces.

Inventory:

Hand Weapons
 a - a +0 trident (weapon)
 u - a +1 halberd
Missiles
 e - 7 boomerangs (quivered)
 v - 4 silver javelins
Armour
 k - a +0 ring mail (melded)
 s - a scarf of resistance (melded)
Jewellery
 g - a ring of positive energy (left branch)
 y - a ring of poison resistance
Wands
 w - a wand of polymorph (23)
Scrolls
 b - a scroll of vulnerability {unknown}
 c - a scroll of summoning {unknown}
 d - a scroll of teleportation {unknown}
 i - a scroll of amnesia {unknown}
 j - a scroll of fog
 l - a scroll of immolation {unknown}
 m - a scroll of blinking {unknown}
 n - a scroll of torment
 o - 2 scrolls of silence
 p - a scroll of enchant weapon
 x - a scroll of brand weapon {unknown}
 z - a scroll of enchant armour {unknown}
Potions
 f - a potion of haste


   Skills:
 + Level 7.3 Fighting
 + Level 8.1 Polearms
 + Level 8.0 Dodging
 - Level 2.0 Stealth


You had 8 spell levels left.
You didn't know any spells.
Your spell library contained the following spells:

 Spells                   Type           Power      Damage    Failure   Level
 Apportation              Tloc           0%         N/A       36%         1
 Alistair's Intoxication  Tmut/Pois      0%         N/A       100%        5


Dungeon Overview and Level Annotations

Branches:
Dungeon (7/15)
 Temple: D:4-7

Altars:
Ashenzari
Kikubaaqudgha
Sif Muna
Wu Jian

Shops:
D:3 =(


Innate Abilities, Weirdness & Mutations

You are a tree.
Your roots penetrate the ground, keeping you stationary.
You cannot be teleported.
You are immune to unholy pain and torment.
Your maximum health is greatly increased.
Your equipment is partially melded.
((You have a beak for a mouth.))
((You have claws for feet.))
Your magical nature lets you fly swiftly and evasively.


Message History

The killer bee is severely wounded.
You feel sick.
The killer bee stings you but does no damage. x2
You completely miss the killer bee.
The killer bee is severely wounded.
You feel sick.
The killer bee stings you but does no damage.
The killer bee stings you.
* * * LOW HITPOINT WARNING * * *
Unknown command.
Unknown command.
Unknown command.
You swing at nothing.
You feel sick. The killer bee stings you!
* * * LOW HITPOINT WARNING * * *
The killer bee stings you but does no damage.
You miss the killer bee.
The killer bee is severely wounded.
You feel sick.
The killer bee stings you but does no damage.
You attack the rock wall.
You feel sick.
The killer bee stings you but does no damage.
The killer bee stings you.
* * * LOW HITPOINT WARNING * * *
You barely miss the killer bee.
The killer bee is severely wounded.
You feel sick. The killer bee stings you.
* * * LOW HITPOINT WARNING * * *
The killer bee stings you.
* * * LOW HITPOINT WARNING * * *
You are lethally poisoned!
The killer bee poisons you!
Okay, then.
You are too confused!
You attack the rock wall.
You feel less invigorated.
You feel less confused.
* * * LOW HITPOINT WARNING * * *
You feel sick. The killer bee stings you.
* * * LOW HITPOINT WARNING * * *
The killer bee stings you.
You die...

############# #............ #####
#.##########. #########...#
######.###### #.
..........#.####♣........<.## #.
#######..##......y.....(....####.
#..#######..###.#........#.
####..#######..###.#.##..##.#.
####....................##..##.#.
.....##............##............
#######.########...###..##..##.##
.######.# #...###..##..##.#
........# #........##..##.##


You could see a killer bee.

Vanquished Creatures
  Eustachio (D:6)
  2 ogres (D:5)
  An ice beast (D:6)
  A centaur (D:6)
  3 phantoms (D:6)
  2 bullfrogs
  A scorpion (D:5)
  A water moccasin zombie (D:5)
  A water moccasin skeleton (D:6)
  3 killer bees (D:7)
  2 howler monkeys (D:6)
  A jelly (D:6)
  A gnoll shaman (D:4)
  5 hounds
  A bullfrog skeleton (D:5)
  An iguana (D:4)
  Natasha (thrice) (D:4)
  3 orc wizards
  A scorpion zombie (D:5)
  11 gnolls
  3 adders
  A white imp (D:5)
  An ufetubus (D:5)
  An adder zombie (D:3)
  4 dart slugs
  12 orcs
  5 bats
  6 endoplasms
  4 giant cockroaches
  4 goblins
  5 hobgoblins
  3 kobolds
  3 quokkas
  6 ball pythons
  4 frilled lizards
  A rat (D:1)
108 creatures vanquished.

Vanquished Creatures (others)
  An orc wizard (D:6)
1 creature vanquished.

Grand Total: 109 creatures vanquished

Notes
Turn   | Place    | Note
-------+----------+-------------------------------------------
     0 | D:1      | Gabide the Tengu Monk began the quest for the Orb.
     0 | D:1      | Reached XP level 1. HP: 14/14 MP: 2/2
    93 | D:1      | Reached XP level 2. HP: 17/19 MP: 3/3
  1039 | D:1      | Reached XP level 3. HP: 23/23 MP: 4/4
  1206 | D:2      | Reached XP level 4. HP: 27/29 MP: 5/5
  1785 | D:3      | Found Soow's Weapon Boutique.
  2097 | D:3      | Found Tusympell's Jewellery Shoppe.
  2282 | D:3      | Noticed a bullfrog
  2291 | D:3      | Killed a bullfrog
  2292 | D:3      | Gained mutation: Your magical nature lets you fly swiftly
                  | and evasively. [Tengu growth]
  2292 | D:3      | Reached XP level 5. HP: 28/33 MP: 6/6
  2510 | D:3      | Found an ornate altar of the Wu Jian Council.
  2627 | D:4      | Noticed Natasha
  2631 | D:4      | Killed Natasha
  2725 | D:4      | Noticed Natasha
  2736 | D:4      | Killed Natasha
  2738 | D:4      | Noticed Natasha
  2754 | D:4      | Killed Natasha
  2755 | D:4      | Reached skill level 5 in Polearms
  2755 | D:4      | Reached XP level 6. HP: 6/39 MP: 7/7
  3080 | D:4      | Reached skill level 5 in Dodging
  3322 | D:4      | Found a broken altar of Ashenzari.
  3357 | D:4      | Found an ancient bone altar of Kikubaaqudgha.
  3682 | D:5      | Entered Level 5 of the Dungeon
  4767 | D:4      | Reached skill level 5 in Fighting
  4767 | D:4      | Reached XP level 7. HP: 39/44 MP: 8/8
  5897 | D:5      | Found a shimmering blue altar of Sif Muna.
  6892 | D:5      | Reached XP level 8. HP: 18/51 MP: 9/9
  7705 | D:6      | Noticed Eustachio
  7838 | D:6      | Killed Eustachio
  8323 | D:6      | Reached XP level 9. HP: 43/57 MP: 10/10
  9042 | D:6      | HP: 1/85 [killer bee (6)]
  9043 | D:6      | Slain by a killer bee

Illustrated notes

Levels and vault maps discovered:
D:1:      beargit_arrival_greenhouse, layout_loops_ring
D:2:      layout_basic
D:3:      layout_loops_ring, nicolae_wu_jian_immortal_techniques, serial_shops,
          shop, nicolae_shop_bloodbath_and_beyond
D:4:      layout_cave_pools, cheibrodos_ashenzari_chains,
          general_overflow_altar, kennysheep_generic_room_10, uniq_natasha
D:5:      layout_rooms, nicolae_overflow_hidden_temple, serial_co_window_serial,
          co_window_paths_a, co_window_paths_b, co_window_corner_a,
          co_window_corner_a, co_window_paths_a, co_window_of_opportunity_b,
          co_window_paths_c, co_window_2corner, co_window_corner_cb,
          co_window_broadway_b, co_window_2corner, co_window_corner_b,
          co_window_4corner_a, co_window_paths_d, glass_columns_c,
          minmay_misc_feat_room, grunt_ministairs_10,
          minmay_fractal_squares_gapless_5
D:6:      layout_loops_ring, grunt_ministairs_14, kennysheep_decorative_pillar,
          uniq_eustachio
D:7:      layout_basic, gammafunk_temple_overflow_pools,
          minmay_temple_entry_glassed_door, minivault_14,
          palyth_stone_intersect, uniq_menkaure, uniq_harold

Skill      XL: |  1  2  3  4  5  6  7  8  9 |
---------------+----------------------------+-----
Polearms       | 4 5 6 7 8 |  8.1
Dodging        | 4 5 6 7 8 |  8.0
Fighting       | 4 5 7 |  7.3
Stealth        | |  2.0

Action                   |  1- 3 |  4- 6 |  7- 9 || total
-------------------------+-------+-------+-------++-------
Melee: Spear             |    74 |   157 |       ||   231
       Kick              |    10 |    42 |    62 ||   114
       Peck              |     7 |    23 |    48 ||    78
       Halberd           |       |    13 |       ||    13
       Trident           |       |     7 |   263 ||   270
       Punch             |       |       |     3 ||     3
Throw: Javelin           |       |     8 |     8 ||    16
       Throwing net      |       |     1 |     3 ||     4
       Boomerang         |       |     7 |       ||     7
  Use: Scroll            |       |     2 |     4 ||     6
       Potion            |       |     4 |     2 ||     6
 Stab: Distracted        |     1 |     3 |       ||     4
       Sleeping          |     4 |     7 |     2 ||    13
       Held in net/web   |       |       |     1 ||     1
Armor: Robe              |     5 |       |       ||     5
       Ring mail         |     8 |    27 |    40 ||    75
       Skin              |       |       |    10 ||    10
Dodge: Dodged            |    29 |   105 |   200 ||   334
